 Dungeon Crawl Stone Soup version 0.29.0-15-g675c0067aa (webtiles) character file.

Game seed: 12904170443969984880

191 qw the Sneak (level 5, -2/32 HPs)
             Began as a Gargoyle Delver on Sept 11, 2022.
             Slain by a gnoll
             ... wielding a +0 spear
              (5 damage)
             ... on level 3 of the Dungeon.
             The game lasted 00:00:18 (1174 turns).

qw the Sneak (Gargoyle Delver)                      Turns: 1174, Time: 00:00:18

Health: -2/32      AC:  7    Str: 17    XL:     5   Next: 70%
Magic:  5/5        EV: 11    Int: 11    God:
Gold:   22         SH:  0    Dex: 11    Spells: 4/4 levels left

rFire   . . .      SeeInvis .   Y - +0 hand axe
rCold   . . .      Faith    .   (no shield)
rNeg    + . .      Spirit   .   b - +0 leather armour
rPois   inf        Reflect  .   (no helmet)
rElec   +          Harm     .   (no cloak)
rCorr   .          Rampage  .   (no gloves)
Will    .....                   (no boots)
Stlth   +++.......              (no amulet)
HPRegen 0.10/turn               (no ring)
MPRegen 0.09/turn               (no ring)

@: no status effects
A: sickness immunity, AC +4, negative energy resistance 1, electricity
resistance, torment resistance 1, petrification resistance
a: no special abilities


You were on level 3 of the Dungeon.
You visited 1 branch of the dungeon, and saw 3 of its levels.

You collected 22 gold pieces.


Innate Abilities, Weirdness & Mutations

You are immune to sickness and miasma.
Your stone body is resilient. (AC +4)
You are immune to poison.
You resist negative energy. (rN+)
You are resistant to electric shocks. (rElec)
You are resistant to unholy torment.
You are immune to petrification.


   Skills:
 + Level 3.3 Fighting
 - Level 5.2 Axes
 - Level 1.5 Dodging
 - Level 5.4 Stealth


You had 4 spell levels left.
You didn't know any spells.
Your spell library was empty.

Inventory:

Hand Weapons
 Y - a +0 hand axe (weapon)
Armour
 b - a +0 leather armour (worn)
Wands
 g - a wand of digging (3)
Potions
 f - a potion of haste

Dungeon Overview and Level Annotations

Branches:
Dungeon (5/15)
 Temple: D:4-7

Altars:
Uskayaw


Message History

The quokka is almost dead.
You hit the bat.
You kill the bat!
The quokka bites you but does no damage.
The orc wizard mumbles some strange words.
The orc wizard flickers and vanishes!
Deactivating autopickup; reactivate with Ctrl-A.
You hit the quokka.
You kill the quokka!
A frilled lizard comes into view.
The orc hits the plant with a +0 club.
The plant begins to die.
The gnoll hits you with a +0 spear.
The frilled lizard moves out of view.
You slash the gnoll!
The gnoll is heavily wounded.
You barely miss the gnoll.
The orc hits the plant with a +0 club.
Something completely misses the plant.
The gnoll hits you but does no damage.
The gnoll hits you with a +1 vorpal flail!
The gnoll hits you but does no damage.
You hit the gnoll.
The gnoll is heavily wounded.
You hit the gnoll but do no damage. You barely miss something.
The gnoll hits you but does no damage. x2
Something hits you but does no damage. The gnoll misses you.
The gnoll completely misses you.
You completely miss the gnoll.
The gnoll is heavily wounded.
You barely miss the gnoll. You closely miss something.
The gnoll hits you with a +1 vorpal flail.
The gnoll hits you but does no damage.
An orc comes into view. It is wielding a +0 hand axe.
The gnoll hits you from afar with a +0 spear.
The gnoll closely misses you.
You hit the gnoll.
The gnoll is almost dead.
You barely miss the orc. You barely miss the gnoll.
The gnoll hits you with a +1 vorpal flail.
The gnoll closely misses you. The gnoll hits you with a +0 spear.
The gnoll hits you from afar with a +0 spear.
You die...

......##......##.
>.................
......## #....# .#
####...# #....##.#
#..#...# #.......# .
#.(#._.###......# ##o.
#.(#.......#.##.# .....
####...#####.##.##..PlPP
......## #....%.@gg..P[P
##.#### #......gog.....
### #.......o..P?..
#.........PP.P.
#............P.
#?..<.........P
#..............
#..............


You could see 4 gnolls, 3 orcs and a frilled lizard.

Vanquished Creatures
  A necrophage (D:5)
  2 scorpions
  An adder (D:5)
  An endoplasm (D:4)
  A quokka (D:3)
  A bat (D:3)
  A frilled lizard (D:3)
8 creatures vanquished.

Vanquished Creatures (others)
  2 plants (D:3)
2 creatures vanquished.

Grand Total: 10 creatures vanquished

Notes
Turn   | Place    | Note
-------+----------+-------------------------------------------
     0 | D:5      | qw the Gargoyle Delver began the quest for the Orb.
     0 | D:5      | Reached XP level 1. HP: 14/14 MP: 1/1
     0 | D:5      | 0 ||| qw: Version: 0.1-a-118-gb4e7ce6
     0 | D:5      | 0 ||| qw: Game counter: 10402
     0 | D:5      | 0 ||| qw: Always use a shield: true
     0 | D:5      | 0 ||| qw: God list: Okawaru
     0 | D:5      | 0 ||| qw: Allow faded altars: false
     0 | D:5      | 0 ||| qw: Do Orc after D:15 true
     0 | D:5      | 0 ||| qw: Do second Lair branch before Depths: true
     0 | D:5      | 0 ||| qw: Lair rune preference: random
     0 | D:5      | 0 ||| qw: Plans: Normal
     0 | D:5      | 0 ||| PLANNING D:1-11
     9 | D:5      | Noticed a necrophage
    27 | D:5      | HP: 3/14 [necrophage (2)]
    30 | D:5      | HP: 1/14 [necrophage (2)]
    31 | D:5      | 31 ||| Stepping ~*~*~tactically~*~*~ (stealth).
    32 | D:5      | Killed a necrophage
    33 | D:5      | Reached skill level 3 in Axes
    33 | D:5      | Reached XP level 2. HP: 2/19 MP: 2/2
    33 | D:5      | Reached XP level 3. HP: 2/23 MP: 3/3
    33 | D:5      | Reached XP level 4. HP: 2/28 MP: 4/4
    45 | D:5      | 45 ||| Stepping ~*~*~tactically~*~*~ (stealth).
    65 | D:5      | 65 ||| Stepping ~*~*~tactically~*~*~ (stealth).
   108 | D:5      | 108 ||| Stepping ~*~*~tactically~*~*~ (stealth).
   111 | D:5      | 111 ||| Stepping ~*~*~tactically~*~*~ (stealth).
   112 | D:5      | 112 ||| Stepping ~*~*~tactically~*~*~ (stealth).
   364 | D:5      | Noticed a scorpion
   380 | D:5      | HP: 7/28 [scorpion (1)]
   386 | D:5      | Killed a scorpion
   387 | D:5      | Reached XP level 5. HP: 8/32 MP: 5/5
   635 | D:5      | 635 ||| READING scroll labelled ZAHUSY FUGI.
   640 | D:5      | 640 ||| READING scroll labelled IRUONIA DIULO.
   741 | D:5      | 741 ||| DROPPING scroll of fog.
   742 | D:5      | 742 ||| DROPPING scroll of magic mapping.
   743 | D:5      | 743 ||| DROPPING scroll of fear.
   781 | D:4      | HP: 8/32 [scorpion (4)]
   783 | D:4      | HP: 2/32 [scorpion (3)]
   788 | D:4      | HP: 1/32 [scorpion (1)]
  1125 | D:3      | Noticed a +0 dagger
  1125 | D:3      | Noticed a +0 dagger
  1125 | D:3      | Found a hide-covered altar of Uskayaw.
  1174 | D:3      | HP: 6/32 [gnoll/+1 vorpal flail (4)]
  1174 | D:3      | Slain by a gnoll

Levels and vault maps discovered:
D:3:      layout_rooms, dancing_weapons_uskayaw, elyvilon_altar_5,
          nicolae_grassy_gnolls
D:4:      layout_rooms, nicolae_dithmenos_through_a_glass_darkly,
          minmay_temple_entry_purple_smoke, ebering_ghost_rock_garden,
          kennysheep_another_room, kennysheep_generic_room_13
D:5:      layout_loops_ring, minmay_misc_feat_five

Skill      XL: |  1  2  3  4  5 |
---------------+----------------+-----
Axes           | 3 4 5 |  5.2
Fighting       | |  3.3
Dodging        | |  1.5
Stealth        | |  5.4

Action                   |  1- 3 |  4- 6 || total
-------------------------+-------+-------++-------
Melee: Hand axe          |    17 |    67 ||    84
  Use: Scroll            |       |     2 ||     2
Armor: Leather armour    |     5 |    27 ||    32
Dodge: Dodged            |    10 |    38 ||    48

Table legend:
 A = Non-vault XP
 B = Vault XP
 C = Vault XP percentage of total XP
 D = Non-vault monster count
 E = Vault monster count
 F = Vault count percentage of total count
                 A         B        C        D         E       F
            +---------+---------+-------+---------+---------+-------
      Total |     274 |       0 |   0.0 |       8 |       0 |   0.0
            +---------+---------+-------+---------+---------+-------
        D:3 |       4 |       0 |   0.0 |       3 |       0 |   0.0
        D:4 |      93 |       0 |   0.0 |       2 |       0 |   0.0
        D:5 |     177 |       0 |   0.0 |       3 |       0 |   0.0
            +---------+---------+-------+---------+---------+-------
